 Dungeon Crawl Stone Soup version 0.24-a0-57-gac335f2 (webtiles) character file.

Game seed: 18103650290289974966

4362 Amnesiac the Basher (level 10, -1/96 HPs)
             Began as a Troll Monk on Feb 5, 2019.
             Was an Elder of Okawaru.
             Slain by a yak (9 damage)
             ... on level 8 of the Dungeon.
             The game lasted 00:12:02 (5970 turns).

Amnesiac the Basher (Troll Monk)                    Turns: 5970, Time: 00:12:03

Health: -1/96      AC:  8    Str: 21    XL:     10   Next: 12%
Magic:  0/12       EV: 16    Int: 10    God:    Okawaru [****..]
Gold:   451        SH:  0    Dex: 15    Spells: 5/9 levels left

rFire    . . .     SeeInvis .   b - +0 giant club
rCold    . . .     Gourm    +   (shield currently unavailable)
rNeg     . . .     Faith    .   f - +0 robe
rPois    .         Spirit   +   (helmet restricted)
rElec    .         Reflect  .   v - +0 cloak
rCorr    .         Harm     .   (gloves unavailable)
MR       .....                  (boots unavailable)
Stlth    ++++......             x - amulet of guardian spirit
HPRegen  0.66/turn              n - +4 ring of intelligence
MPRegen  0.13/turn              A - ring of stealth

@: heroism
A: large, unfitting armour, claws 3, fast metabolism 3, gourmand, regeneration
1, shaggy fur 1, tough skin 3
a: Heroism, Renounce Religion


You were on level 8 of the Dungeon.
You worshipped Okawaru.
Okawaru was greatly pleased with you.
You were very full.

You visited 2 branches of the dungeon, and saw 9 of its levels.

You collected 451 gold pieces.

Inventory:

Hand Weapons
 a - a +0 flail of venom
 b - a +0 giant club (weapon)
 m - a +0 giant spiked club
 u - a +1 war axe of flaming
Armour
 f - a +0 robe (worn)
 v - a +0 cloak (worn)
Jewellery
 n - a +4 ring of intelligence (left claw)
 x - an amulet of guardian spirit (around neck)
 A - a ring of stealth (right claw)
Wands
 H - a wand of acid (1)
 J - a wand of iceblast (10)
 L - a wand of polymorph (9)
Scrolls
 d - 6 scrolls of identify {!r, unknown}
 e - 4 scrolls of teleportation {!r, unknown}
 l - 3 scrolls of noise {!r, unknown}
 s - 2 scrolls of blinking {!r, unknown}
 t - a scroll of remove curse {!r, unknown}
 y - a scroll of brand weapon {!r, unknown}
 B - a scroll of enchant weapon {!r, unknown}
 C - a scroll of fog {!r, unknown}
 D - a scroll of immolation {!r, unknown}
 E - a scroll of fear {!r, unknown}
 G - a scroll of enchant armour {!r, unknown}
 I - 2 scrolls of amnesia {!r, unknown}
 K - a scroll of magic mapping {!r, unknown}
Potions
 g - 2 potions of invisibility {!q, unknown}
 h - a potion of haste {!q, unknown}
 i - 3 potions of flight {!q, unknown}
 j - a potion of resistance {!q, unknown}
 k - a potion of mutation {!q, unknown}
 o - 5 potions of heal wounds {!q, unknown}
 p - 2 potions of degeneration {!q, unknown}
 q - 3 potions of might {!q}
 r - a potion of magic {!q, unknown}
 w - 2 potions of lignification {!q, unknown}
 z - a potion of berserk rage {!q, unknown}
 F - a potion of cancellation {!q, unknown}
Comestibles
 c - 13 rations
 N - a chunk of flesh


   Skills:
 - Level 5.0(10.0) Fighting
 * Level 10.0(15.0) Maces & Flails
 + Level 4.0(9.0) Armour
 - Level 5.0(10.0) Dodging
 - Level 1.0(6.0) Stealth
 + Level 4.4 Invocations


You had 5 spell levels left.
You knew the following spells:

 Your Spells              Type           Power        Failure   Level  Hunger
a - Corona                Hex            #......      36%         1    ##.....
e - Confuse               Hex            #.......     75%         3    ####...

Your spell library contained the following spells:

 Spells                   Type           Power        Failure   Level  Hunger
 Ensorcelled Hibernation  Hex/Ice        #.....       50%         2    ###....
 Dazzling Spray           Conj/Hex       #.....       75%         3    ####...
 Tukima's Dance           Hex            #.......     75%         3    ####...


Dungeon Overview and Level Annotations

Branches:
Dungeon (8/15)             Temple (1/1) D:5            Lair (0/6) D:8

Altars:
Cheibriados
Dithmenos
Fedhas
Hepliaklqana
Kikubaaqudgha
Makhleb
Okawaru
Ru
Sif Muna
Trog
Wu Jian
Xom
Zin
The Shining One

Shops:
D:6 :

Annotations:
D:5 2 transporters, Mgcat's ghost, novice NaFi


Innate Abilities, Weirdness & Mutations

You are too large for most types of armour.
You have claws for hands.
Your metabolism is lightning-fast.
You like to eat raw meat.
Your natural rate of healing is unusually fast.
You are covered in fur. (AC +1)
You have extremely tough skin. (AC +3)


Message History

The yak snorts and paws the ground.
The basilisk gazes at you. The porcupine bites you! The porcupine bites you!
The basilisk completely misses you. The porcupine bites you.
The basilisk bites you! The porcupine bites you. The basilisk bites you.
The porcupine bites you. The basilisk bites you!
* * * LOW HITPOINT WARNING * * *
The yak gores you.
* * * LOW HITPOINT WARNING * * *
The basilisk bites you.
* * * LOW HITPOINT WARNING * * *
The yak gores you.
* * * LOW HITPOINT WARNING * * *
The crocodile bites you!
* * * LOW HITPOINT WARNING * * *
The two-headed ogre hits you with a +0 great mace!
* * * LOW HITPOINT WARNING * * *
The two-headed ogre hits you with a +0 giant club.
* * * LOW HITPOINT WARNING * * *
The basilisk bites you!
* * * LOW HITPOINT WARNING * * *
The yak gores you.
* * * LOW HITPOINT WARNING * * *
The crocodile bites you!
* * * LOW HITPOINT WARNING * * *
You turn to flesh and can move again.
Unknown command.
Unknown command.
Unknown command.
Unknown command.
Unknown command.
Found a stone staircase leading down.
The porcupine twitches its whiskers.
There is a stone staircase leading down here.
A gnoll comes into view.
It is wielding a +0 spear. 2 gnolls come into view.
The gnoll shouts!
You hear a shout!
The gnoll throws a throwing net.
The throwing net closely misses you.
The gnoll moves out of view.
You see here a throwing net.
Okay, then.
You gain the combat prowess of a mighty hero.
The two-headed ogre misses you.
The two-headed ogre hits you with a +0 giant club!!
* * * LOW HITPOINT WARNING * * *
The gnoll throws a throwing net.
The throwing net barely misses you. The porcupine closely misses you.
You hit the gnoll.
The gnoll is moderately wounded.
The porcupine misses you.
The two-headed ogre hits you with a +0 great mace!
* * * LOW HITPOINT WARNING * * *
The two-headed ogre closely misses you.
Okay, then.
A water moccasin comes into view.
The porcupine bites you but does no damage.
The gnoll misses you.
The water moccasin moves out of view.
Really read
M - a scroll labeled MEWEPO TAUTZ {!r}?
As you read the scroll labeled MEWEPO TAUTZ {!r}, it crumbles to dust.
Your nose twitches suddenly!
It was a scroll of random uselessness {!r}.
The yak gores you!
You die...

..g......... ..........
........ #.....g. ...... .
#....... ....## #. #......
....# #.# .....######g#.#
.#..##..$...#..r@#.#+######
.##.........#.O.Y#........#
............#..(r#........#
............####Yt........#
............# #..?.......#
............####...Y......#
..###.###.................#
..###.###.#.†.....##..#####
..........#.......##..########


You could see a two-headed ogre, 2 yaks, a crocodile, 2 porcupines and 2 gnolls.

Vanquished Creatures
  Pikel (D:5)
  The ghost of Lilu the Thaumaturge, a novice DECj of Vehumet (D:7)
  Grinder (D:6)
  A hippogriff (D:7)
  Eustachio (D:4)
  Menkaure (D:7)
  3 water moccasins
  Duvessa (D:7)
  2 sky beasts
  3 slaves (D:5)
  5 ogres
  2 crocodiles (D:7)
  3 bullfrogs
  A wyvern skeleton (D:6)
  Dowan (D:7)
  5 crimson imps
  5 hounds
  2 jellies
  A bullfrog zombie (D:6)
  A quasit (D:5)
  2 centaur zombies (D:5)
  7 orc priests
  Crazy Yiuf (D:2)
  A gnoll shaman (D:6)
  An iguana (D:4)
  5 orc wizards
  4 worker ants
  A bullfrog simulacrum (D:7)
  2 hound skeletons (D:5)
  16 gnolls
  6 adders
  A hound simulacrum (D:7)
  A shadow imp (D:8)
  An ooze (D:2)
  An adder skeleton (D:7)
  3 worms
  3 dart slugs
  5 leopard geckos
  18 orcs
  A ball python (D:2)
  3 giant cockroaches (D:3)
  2 hobgoblins
  6 jackals
  2 quokkas
  4 bats
  5 frilled lizards
  13 goblins
  2 kobolds (D:2)
  3 rats
  A fungus (D:2)
162 creatures vanquished.

Vanquished Creatures (others)
  A hound skeleton (D:5)
  2 jackals (D:5)
  A fungus (D:8)
  3 plants (D:8)
7 creatures vanquished.

Grand Total: 169 creatures vanquished

Notes
Turn   | Place    | Note
-------+----------+-------------------------------------------
     0 | D:1      | Amnesiac the Troll Monk began the quest for the Orb.
     0 | D:1      | Reached XP level 1. HP: 22/22 MP: 0/0
   347 | D:2      | Reached skill level 3 in Maces & Flails
   347 | D:2      | Reached XP level 2. HP: 14/29 MP: 1/1
   597 | D:3      | Reached XP level 3. HP: 34/36 MP: 2/2
   643 | D:3      | Reached XP level 4. HP: 38/45 MP: 3/3
   713 | D:4      | Reached skill level 4 in Maces & Flails
   735 | D:3      | Reached XP level 5. HP: 32/53 MP: 4/4
   849 | D:4      | Noticed an ogre
   853 | D:4      | Noticed an ogre
   860 | D:4      | Killed an ogre
   860 | D:4      | Reached XP level 6. HP: 30/61 MP: 5/5
   894 | D:4      | Reached skill level 5 in Maces & Flails
  1206 | D:4      | Reached XP level 7. HP: 64/68 MP: 6/6
  1249 | D:4      | Noticed Eustachio
  1261 | D:4      | Killed Eustachio
  1298 | D:4      | Learned a level 3 spell: Confuse
  1410 | D:4      | Reached skill level 6 in Maces & Flails
  1750 | D:4      | Found a shadowy altar of Dithmenos.
  1811 | D:5      | Entered Level 5 of the Dungeon
  1984 | D:5      | Found a sacrificial altar of Ru.
  2025 | D:5      | Noticed Mgcat's ghost (novice NaFi)
  2026 | D:5      | Found a transporter.
  2119 | D:5      | Noticed Pikel
  2135 | D:5      | Killed Pikel
  2135 | D:5      | Reached skill level 7 in Maces & Flails
  2135 | D:5      | Reached XP level 8. HP: 50/79 MP: 7/7
  2170 | D:5      | Found a transporter.
  2263 | D:5      | Reached skill level 5 in Fighting
  2263 | D:5      | Reached skill level 5 in Dodging
  2385 | D:5      | Found a staircase to the Ecumenical Temple.
  2392 | Temple   | Entered the Ecumenical Temple
  2416 | Temple   | Became a worshipper of Warmaster Okawaru
  2416 | Temple   | Reached * piety under Okawaru
  2416 | Temple   | Reached ** piety under Okawaru
  2430 | D:5      | Learned a level 1 spell: Corona
  3104 | D:2      | Found a runed translucent door.
  3105 | D:2      | Noticed Crazy Yiuf
  3110 | D:2      | Killed Crazy Yiuf
  3813 | D:3      | You fall through a shaft for 3 floors!
  3832 | D:6      | Reached skill level 1 in Armour
  3832 | D:6      | Reached skill level 1 in Invocations
  3889 | D:6      | Reached skill level 8 in Maces & Flails
  3968 | D:6      | Found a deep blue altar of Sif Muna.
  3968 | D:6      | Found a snail-covered altar of Cheibriados.
  3968 | D:6      | Found an ornate altar of the Wu Jian Council.
  3972 | D:6      | Found a shimmering altar of Xom.
  4115 | D:6      | Reached XP level 9. HP: 76/88 MP: 5/9
  4297 | D:6      | Noticed Grinder
  4321 | D:6      | Paralysed by Grinder for 3 turns
  4338 | D:6      | Paralysed by Grinder for 4 turns
  4343 | D:6      | Killed Grinder
  4399 | D:6      | Found Qoliop's Book Shoppe.
  4584 | D:7      | Noticed Dowan
  4587 | D:7      | Reached *** piety under Okawaru
  4594 | D:7      | Killed Dowan
  4599 | D:7      | Noticed Duvessa
  5080 | D:7      | Killed Duvessa
  5080 | D:7      | Reached skill level 9 in Maces & Flails
  5254 | D:7      | Noticed Menkaure
  5260 | D:7      | Killed Menkaure
  5488 | D:7      | Found a runed translucent gate.
  5489 | D:7      | Found a runed translucent gate.
  5489 | D:7      | Found a runed translucent gate.
  5491 | D:7      | Noticed Lilu's ghost (novice DECj)
  5672 | D:7      | Killed Lilu's ghost
  5672 | D:7      | Reached **** piety under Okawaru
  5798 | D:8      | Reached XP level 10. HP: 96/96 MP: 12/12
  5815 | D:8      | Noticed a two-headed ogre
  5817 | D:8      | Found a staircase to the Lair.
  5900 | D:7      | Reached skill level 10 in Maces & Flails
  5970 | D:8      | Slain by a yak

Vault maps used:
D:1:      matt_arrival_los_fun
D:2:      minmay_small_reverse_x, uniq_crazy_yiuf_cottage
D:3:      first_ration
D:4:      cheibrodos_greedy_goblins, chequers_garden,
          nicolae_dithmenos_through_a_glass_darkly, uniq_eustachio
D:5:      nicolae_ru_sacrificial_ziggurat, temple_green, serial_curves,
          eino_curves_03, eino_curves_04, eino_curves_01, eino_curves_04,
          gammafunk_ghost_arena, uniq_pikel
D:6:      minitemple, serial_shops, shop_fountains, minmay_between, uniq_grinder
D:7:      gammafunk_ghost_necromancy, uniq_duvessa, uniq_menkaure
D:8:      old_standard_altar, minmay_lair_entry_grove
Temple:   nicolae_temple_elliptical

Skill      XL: |  1  2  3  4  5  6  7  8  9 10 |
---------------+-------------------------------+-----
Maces & Flails | 3 4 5 7 8 9 10 | 10.0
Fighting       | 3 4 5 |  5.0
Dodging        | 3 4 5 |  5.0
Armour         | 1 3 4 |  4.0
Invocations    | 1 4 |  4.4
Stealth        | |  1.0

Action                   |  1- 3 |  4- 6 |  7- 9 | 10-12 || total
-------------------------+-------+-------+-------+-------++-------
Melee: Mace              |    16 |       |       |       ||    16
       War axe           |    31 |     2 |       |       ||    33
       Flail             |       |    58 |   342 |       ||   400
       Giant club        |       |       |    75 |    31 ||   106
       Giant spiked club |       |       |    11 |       ||    11
Invok: Heroism           |       |       |       |     1 ||     1
Evoke: Wand              |       |       |     6 |       ||     6
  Use: Scroll            |       |       |       |     1 ||     1
 Stab: Sleeping          |       |       |    10 |       ||    10
       Distracted        |       |       |     1 |       ||     1
  Eat: Chunk             |     5 |    12 |    39 |     5 ||    61
Armor: Robe              |    21 |    10 |   156 |    17 ||   204
Dodge: Dodged            |    34 |    22 |   293 |    39 ||   388

Table legend:
 A = Non-vault XP
 B = Vault XP
 C = Vault XP percentage of total XP
 D = Non-vault monster count
 E = Vault monster count
 F = Vault count percentage of total count
                 A         B        C        D         E       F
            +---------+---------+-------+---------+---------+-------
      Total |    3600 |    2632 |  42.2 |     129 |      29 |  18.4
            +---------+---------+-------+---------+---------+-------
        D:1 |      21 |       0 |   0.0 |       9 |       0 |   0.0
        D:2 |     100 |      52 |  34.2 |      17 |       5 |  22.7
        D:3 |     211 |       0 |   0.0 |      19 |       0 |   0.0
        D:4 |     765 |     206 |  21.2 |      18 |      10 |  35.7
        D:5 |     448 |     663 |  59.7 |      20 |       1 |   4.8
        D:6 |     745 |     461 |  38.2 |      28 |       5 |  15.2
        D:7 |    1089 |    1250 |  53.4 |      15 |       8 |  34.8
        D:8 |     221 |       0 |   0.0 |       3 |       0 |   0.0
            +---------+---------+-------+---------+---------+-------
